[gd_scene load_steps=23 format=2]

[ext_resource path="res://Assets/character/main character/Idle (14).png" type="Texture" id=1]
[ext_resource path="res://Assets/character/main character/Idle (15).png" type="Texture" id=2]
[ext_resource path="res://Assets/character/main character/Idle (13).png" type="Texture" id=3]
[ext_resource path="res://Assets/character/main character/Idle (12).png" type="Texture" id=4]
[ext_resource path="res://Assets/character/main character/Idle (11).png" type="Texture" id=5]
[ext_resource path="res://Assets/character/main character/Idle (16).png" type="Texture" id=6]
[ext_resource path="res://Assets/character/main character/Idle (5).png" type="Texture" id=7]
[ext_resource path="res://Assets/character/main character/Idle (2).png" type="Texture" id=8]
[ext_resource path="res://Assets/character/main character/Idle (6).png" type="Texture" id=9]
[ext_resource path="res://Assets/character/main character/Idle (9).png" type="Texture" id=10]
[ext_resource path="res://Assets/character/main character/Idle (3).png" type="Texture" id=11]
[ext_resource path="res://Assets/character/main character/Idle (4).png" type="Texture" id=12]
[ext_resource path="res://Assets/character/main character/Idle (10).png" type="Texture" id=13]
[ext_resource path="res://Assets/character/main character/Idle (8).png" type="Texture" id=14]
[ext_resource path="res://Assets/character/main character/Idle (1).png" type="Texture" id=15]
[ext_resource path="res://Assets/character/main character/Idle (7).png" type="Texture" id=16]
[ext_resource path="res://Assets/Fonts/ChallengeDone.tres" type="DynamicFont" id=17]
[ext_resource path="res://Scripts/ResetGame.gd" type="Script" id=18]
[ext_resource path="res://Assets/Fonts/Raw/continuum bold.ttf" type="DynamicFontData" id=19]
[ext_resource path="res://Scenes/GameOverSound.tscn" type="PackedScene" id=20]

[sub_resource type="SpriteFrames" id=1]
animations = [ {
"frames": [ ExtResource( 15 ), ExtResource( 8 ), ExtResource( 11 ), ExtResource( 12 ), ExtResource( 7 ), ExtResource( 9 ), ExtResource( 16 ), ExtResource( 14 ), ExtResource( 10 ), ExtResource( 13 ), ExtResource( 5 ), ExtResource( 4 ), ExtResource( 3 ), ExtResource( 1 ), ExtResource( 2 ), ExtResource( 6 ) ],
"loop": true,
"name": "diri_kanan",
"speed": 15.0
} ]

[sub_resource type="DynamicFont" id=2]
size = 60
font_data = ExtResource( 19 )

[node name="Control" type="Control"]
anchor_right = 1.0
anchor_bottom = 1.0
__meta__ = {
"_edit_use_anchors_": false
}

[node name="ColorRect" type="ColorRect" parent="."]
anchor_right = 1.0
anchor_bottom = 1.0
color = Color( 0.294118, 0.0196078, 0.00392157, 1 )
__meta__ = {
"_edit_use_anchors_": false
}

[node name="AnimatedSprite" type="AnimatedSprite" parent="."]
position = Vector2( 232, 272 )
frames = SubResource( 1 )
animation = "diri_kanan"
frame = 7
playing = true

[node name="Label" type="Label" parent="."]
margin_left = 356.755
margin_top = 145.514
margin_right = 1104.76
margin_bottom = 324.514
custom_fonts/font = ExtResource( 17 )
custom_colors/font_color = Color( 0.976471, 0.968627, 0.968627, 1 )
custom_constants/line_spacing = 13
text = "Kamu mati. 
Nyawamu telah habis."
align = 1
valign = 1
__meta__ = {
"_edit_use_anchors_": false
}

[node name="MainMenu" type="Button" parent="."]
margin_left = 588.17
margin_top = 324.514
margin_right = 886.17
margin_bottom = 391.514
custom_fonts/font = SubResource( 2 )
text = "Main Menu"
script = ExtResource( 18 )
__meta__ = {
"_edit_use_anchors_": false
}
scene_to_load = "MainMenu"

[node name="GameOver" parent="." instance=ExtResource( 20 )]
[connection signal="pressed" from="MainMenu" to="MainMenu" method="_on_MainMenu_pressed"]
